 Dungeon Crawl Stone Soup version 0.22-a0-596-gfbd32a6 (webtiles) character file.

7658 Goblin1989 the Grappler (level 10, -3/71 HPs)
             Began as a Demonspawn Chaos Knight on July 5, 2018.
             Was an Initiate of Gozag.
             Killed from afar by Josephine (15 damage)
             ... with a ghostly fireball
             ... on level 10 of the Dungeon.
             The game lasted 00:48:26 (12589 turns).

Goblin1989 the Grappler (Demonspawn Chaos Knight)  Turns: 12589, Time: 00:48:28

Health: -3/71      AC:  9    Str: 14    XL:     10   Next: 99%
Magic:  14/14      EV: 10    Int: 12    God:    Gozag
Gold:   1172       SH:  6    Dex: 10    Spells: 14/15 levels left

rFire    + . .     SeeInvis .     - Unarmed
rCold    . . .     Gourm    .   O - +0 buckler
rNeg     . . .     Faith    .   v - +0 scale mail
rPois    +         Spirit   .   (helmet restricted)
rElec    .         Reflect  +   Z - +0 cloak
rCorr    .         Harm     .   (gloves unavailable)
MR       .....                  (no boots)
Stlth    ..........             P - +2 amulet of reflection
HPRegen  0.21/turn              f - ring of protection from fire
MPRegen  0.14/turn              s - +3 ring of protection

@: gold aura, slowed, drained, very slow
A: claws 3, horns 2, talons 1, clumsy 1, deformed body, demonic guardian 1,
deterioration 1, dopey 1, frail 1, poison resistance, screaming 1, shaggy fur 1,
weak 1
a: Potion Petition, Call Merchant, Bribe Branch, Renounce Religion


You were on level 10 of the Dungeon.
You worshipped Gozag.
Gozag was most pleased with you.
You were not hungry.

You visited 1 branch of the dungeon, and saw 10 of its levels.
You also visited: Ossuary.

You collected 2074 gold pieces.
You spent 391 gold pieces at shops.
You paid 511 gold pieces to Gozag.

Inventory:

Hand Weapons
 m - a +0 hunting sling
 r - the +5 war axe of Causality {vamp, rF- rC+++ Int-2 Dex+10}
   (You found it on level 8 of the Dungeon)

   It inflicts no extra harm, but heals its wielder when it wounds a living foe.
   It affects your intelligence (-2).
   It affects your dexterity (+10).
   It makes you vulnerable to fire.
   It renders you almost immune to cold.
 w - a +1 blowgun {@w1}
Missiles
 k - 251 stones (quivered) {@Q3}
 n - 101 sling bullets
 u - 5 tomahawks
 Q - 50 poisoned needles
Armour
 a - a +2 leather armour
 c - a +0 chain mail of positive energy
 q - the +0 robe of Faub {rF+ MR+ Str+2 Dex-5}
   (You found it on level 9 of the Dungeon)

   It affects your strength (+2).
   It affects your dexterity (-5).
   It protects you from fire.
   It affects your resistance to hostile enchantments.
 v - a +0 scale mail (worn)
 I - a +0 pair of boots
 O - a +0 buckler (worn)
 Z - a +0 cloak (worn)
Jewellery
 f - a ring of protection from fire (left claw)
 s - a +3 ring of protection (right claw)
 K - an uncursed ring of magical power
 P - a +2 amulet of reflection (around neck)
 Y - a +3 ring of intelligence
Wands
 F - a wand of acid (14) {@v2}
 J - a wand of digging (13) {@v1}
 L - a wand of flame (35) {@v6}
Scrolls
 j - 2 scrolls of remove curse {@r3}
 o - 6 scrolls of enchant armour
 B - 4 scrolls of amnesia
 D - a scroll of fear
 M - a scroll of magic mapping
 R - a scroll of identify {@r1}
 T - 8 scrolls of teleportation {!r, @r2}
 W - a scroll of enchant weapon
Potions
 h - a potion of cancellation {unknown}
 i - 2 potions of heal wounds {@q2}
 z - 2 potions of magic
 A - 3 potions of haste {@q3,}
 C - 3 potions of agility {@q5}
 E - a potion of lignification
 G - 6 potions of curing {@q1}
 H - 3 potions of might {@q4}
 N - 4 potions of brilliance
 S - a potion of mutation {!q}
 U - a potion of berserk rage
 V - 3 potions of flight
 X - 2 potions of ambrosia
Comestibles
 e - 9 rations


   Skills:
 + Level 7.1(6.0) Fighting
 + Level 6.1(5.1) Armour
 + Level 4.9(3.8) Dodging
 - Level 4.0(3.0) Shields
 * Level 10.8(9.6) Unarmed Combat
 - Level 3.0(2.0) Spellcasting
 - Level 3.0(2.0) Hexes


You had 14 spell levels left.
You knew the following spells:

 Your Spells              Type           Power        Failure   Level  Hunger
a - Confusing Touch       Hex            #.....       45%         1    ##.....

Your spell library contained the following spells:

 Spells                   Type           Power        Failure   Level  Hunger
 Confuse                  Hex            #.......     83%         3    ####...
 Metabolic Englaciation   Hex/Ice        #.........   100%        5    ######.
 Petrify                  Tmut/Erth      #.......     100%        4    #####..
 Gell's Gravitas          Tloc           #.........   98%         3    ####...
 Yara's Violent Unravell  Hex/Tmut       #.........   100%        5    ######.


Dungeon Overview and Level Annotations

Branches:
Dungeon (10/15)            Temple (0/1) D:6            Lair (0/6) D:10
    Orc: D:9-12

Altars:
Ashenzari
Dithmenos
Elyvilon
Gozag
Hepliaklqana
Kikubaaqudgha
Makhleb
Qazlal
Sif Muna
Trog
Uskayaw
Vehumet
Xom
Yredelemnul
Zin
The Shining One

Shops:
D:9 *

Annotations:
D:2 Ijyb, Robin
D:4 exclusion: door
D:10 Josephine


Innate Abilities, Weirdness & Mutations

You have claws for hands.
You have a pair of horns on your head.
You have sharp toenails.
A weak demonic guardian rushes to your aid.
You are clumsy. (Dex -2)
Armour fits poorly on your strangely shaped body.
Your body sometimes deteriorates upon taking damage.
You are dopey. (Int -2)
You are frail. (-10% HP)
Your system is resistant to poisons. (rPois)
You occasionally shout uncontrollably at your foes.
You are covered in fur. (AC +1)
You are weak. (Str -2)


Message History

You now have 1172 gold pieces (gained 11).
A scorpion comes into view.
A scorpion is nearby!
You claw the scorpion!
You kill the scorpion!
No target in view!
No target in view!
No target in view!
No target in view!
No target in view!
No target in view!
No target in view!
No target in view!
No target in view!
No target in view!
No target in view!
No target in view!
No target in view!
No target in view!
No target in view!
No target in view!
No target in view!
A wraith comes into view.
You see here 8 gold pieces.
A wraith is nearby!
A wraith is nearby!
An adder and 2 wraiths come into view.
The adder hisses angrily.
You hear a shout!
A wraith comes into view.
Josephine the Decaying Necromancer comes into view.
She is wielding a dagger.
You see here 8 gold pieces.
You swap places.
The adder is distracted by the nearby gold.
The wraith is distracted by the nearby gold.
The wraith hits your iron imp!
The wraith drains your iron imp's vigour!
Your iron imp seems to slow down.
Your iron imp barely misses the wraith.
The wraith completely misses your iron imp.
You swap places.
The wraith hits you. The wraith drains your vigour!
You feel yourself slow down.
You take 1 damage, and have 64/71 hp.
You mangle the wraith!! Your kick misses the wraith.
You headbutt the wraith, but do no damage.
The wraith is severely damaged.
The wraith hits you.
You take 1 damage, and have 63/71 hp.
Your scale mail prevents you from hitting the wraith.
You claw the wraith, but do no damage.
The wraith is severely damaged.
The wraith hits you! The wraith drains your vigour!
You feel as though you will be slow longer.
You take 11 damage, and have 52/71 hp.
You claw the wraith!
You destroy the wraith!
The adder bites you but does no damage.
You mangle the adder!!
You kill the adder!
Your iron imp is no longer moving slowly.
Your iron imp disappears in a puff of smoke!
You block the wraith's attack.
You mangle the wraith!! You headbutt the wraith.
The wraith is severely damaged.
You mangle Josephine!! You headbutt Josephine!
Josephine is heavily wounded.
Josephine hits you with a dagger.
You take 6 damage, and have 47/71 hp.
You barely miss Josephine.
Josephine is heavily wounded.
Josephine hits you with a dagger.
You take 4 damage, and have 43/71 hp.
You claw Josephine! You claw Josephine, but do no damage.
Josephine is severely wounded.
A wraith comes into view.
Josephine casts a spell at you.
The ghostly flame explodes!
The ghostly fireball engulfs you!
You feel drained.
* * * LOW HITPOINT WARNING * * *
The ghostly fireball engulfs your iron imp.
Your iron imp completely resists.
The ghostly fireball engulfs Josephine.
Josephine completely resists.
You hear a shout!
You hear a croak.
You take 12 damage, and have 31/71 hp.
You strike the helpless Josephine from behind!
You scratch Josephine. You claw Josephine.
Josephine is severely wounded.
Josephine is infused with unholy energy.
* * * LOW HITPOINT WARNING * * *
Josephine draws life force from you and is healed!
You take 19 damage, and have 12/71 hp.
MASSIVE DAMAGE!!
You swap places.
Josephine hits your iron imp with a dagger.
Your iron imp hits Josephine!
Josephine gestures at you while chanting.
The ghostly flame explodes!
The ghostly fireball engulfs your iron imp.
Your iron imp completely resists.
The ghostly fireball engulfs you!
You feel drained.
You die...
Xom howls with laughter!
Your body crumbles into a pile of gold.

.................██ ...
.............███.██ █....
...........█.████.█ .█.>.
..<...........███... ......
█...........█.....███ ..... .
██..........██...██ .... ..
███......█..██...█ ... ...
.....██████.███.5█ ██.█ ....
███...███ █.....@██ ██..█....W
.....█..███.█████5███....█..@.
....████....█ ██@WW$.......W
███.█ ██..██ █W███...S.... █
█.█ ██.█ █.█ ██....... ███.█
█.███████.█ █...... .██.█
██........██ █...██ █...█
██....████..█ ...█
███.████.....█ █.██ ██..


You could see Josephine, 2 wraiths, a friendly iron imp and a friendly ufetubus.

Vanquished Creatures
  A two-headed ogre (D:8)
  Pikel (D:8)
  Maurice (D:10)
  3 trolls
  2 hippogriffs (D:10)
  Sigmund (D:2)
  A wraith (D:10)
  A water moccasin (D:9)
  A sky beast (D:8)
  6 ice beasts
  2 slaves (D:8)
  An orc warrior (D:6)
  A black bear (D:8)
  An ogre (D:9)
  2 phantoms
  3 centaurs
  A crocodile (D:8)
  A big kobold (D:8)
  3 bullfrogs
  A wyvern zombie (D:6)
  12 scorpions
  6 killer bees (D:8)
  3 wights (D:8)
  A howler monkey (D:6)
  3 crimson imps
  A bullfrog zombie (D:10)
  A jelly (D:5)
  3 centaur zombies (Ossuary)
  2 human zombies (Ossuary)
  3 orc priests (D:6)
  4 hounds
  A centaur skeleton (D:10)
  12 orc wizards
  Terence (D:3)
  2 bullfrog skeletons
  13 worker ants
  A killer bee zombie (D:10)
  2 big kobold zombies (Ossuary)
  3 mummies (Ossuary)
  2 howler monkey zombies
  A howler monkey skeleton (D:4)
  3 gnolls (D:3)
  3 scorpion zombies (Ossuary)
  6 adders
  A shadow imp (D:10)
  A white imp (D:10)
  4 oozes
  2 adder zombies (D:6)
  2 adder skeletons
  A worm (D:2)
  7 dart slugs
  2 leopard geckos (D:1)
  25 orcs
  2 giant cockroaches
  12 goblins
  8 hobgoblins
  9 jackals
  A quokka (D:9)
  A ball python (D:3)
  11 bats
  4 frilled lizards
  A giant cockroach zombie (D:6)
  4 goblin zombies (Ossuary)
  2 hobgoblin zombies (Ossuary)
  2 jackal skeletons
  A jackal zombie (D:8)
  12 kobolds
  An orc zombie (Ossuary)
  A quokka skeleton (D:4)
  5 rats
245 creatures vanquished.

Vanquished Creatures (collateral kills)
  A centaur skeleton (D:8)
  A hippogriff (D:10)
  A vampire (D:10)
  An ogre (D:6)
  2 scorpions (Ossuary)
  3 killer bees (D:8)
  A jelly (D:8)
  A wight (D:8)
  A human zombie (Ossuary)
  An orc wizard (D:6)
  A killer bee zombie (D:6)
  A big kobold zombie (Ossuary)
  An orc (D:10)
  An orc zombie (Ossuary)
17 creatures vanquished.

Vanquished Creatures (others)
  A centaur (D:8)
  A centaur zombie (Ossuary)
  An iguana (D:10)
  A goblin zombie (Ossuary)
4 creatures vanquished.

Grand Total: 266 creatures vanquished

Notes
Turn   | Place    | Note
-------+----------+-------------------------------------------
     0 | D:1      | Goblin1989 the Demonspawn Chaos Knight began the quest for the Orb.
     0 | D:1      | Reached XP level 1. HP: 18/18 MP: 1/1
    26 | D:1      | XOM: potion effect (heal wounds)
    34 | D:1      | Reached skill level 3 in Unarmed Combat
    53 | D:1      | Gained mutation: You have sharp fingernails. [demonic ancestry]
    53 | D:1      | Reached XP level 2. HP: 9/24 MP: 2/2
   156 | D:1      | XOM: harmless Tloc miscast
   606 | D:1      | Gained mutation: You have very sharp fingernails. [demonic ancestry]
   606 | D:1      | Reached XP level 3. HP: 29/29 MP: 3/3
   684 | D:1      | XOM: divination: magic mapping
   706 | D:1      | Reached skill level 4 in Unarmed Combat
   721 | D:1      | XOM: silly message
   740 | D:1      | XOM: harmless Tmut miscast
  1190 | D:1      | XOM: harmless Fire miscast
  1385 | D:1      | XOM: give mutation
  1385 | D:1      | Gained mutation: Scrolls take you a little longer to read. [Xom's mischief]
  1458 | D:2      | Noticed Sigmund
  1461 | D:2      | XOM: butterfly on damage
  1464 | D:2      | Killed Sigmund
  1464 | D:2      | Reached skill level 5 in Unarmed Combat
  1464 | D:2      | Gained mutation: You have claws for hands. [demonic ancestry]
  1464 | D:2      | Reached XP level 4. HP: 12/35 MP: 4/4
  1464 | D:2      | Gained mutation: A weak demonic guardian rushes to your aid. [demonic ancestry]
  1464 | D:2      | Reached XP level 5. HP: 14/41 MP: 5/5
  1510 | D:2      | XOM: 8-stop teleportation journey
  1729 | D:2      | Found a hazy altar of Hepliaklqana.
  1823 | D:2      | Found a basalt altar of Yredelemnul.
  1846 | D:2      | Found an opulent altar of Gozag.
  1854 | D:2      | Found a burning altar of Makhleb.
  1856 | D:2      | Fell from the grace of Xom
  1856 | D:2      | Became a worshipper of Gozag Ym Sagoz the Greedy
  1858 | D:2      | Found an ancient bone altar of Kikubaaqudgha.
  1860 | D:2      | Found a radiant altar of Vehumet.
  1861 | D:2      | Found a white marble altar of Elyvilon.
  1862 | D:2      | Found a shimmering altar of Xom.
  2046 | D:2      | XOM: give mutations
  2046 | D:2      | Gained mutation: Scrolls take you longer to read. [Xom's mischief]
  2046 | D:2      | Gained mutation: Your flesh is cold resistant. (rC+) [Xom's mischief]
  2046 | D:2      | Gained mutation: You are weak. (Str -2) [Xom's mischief]
  2137 | D:2      | Noticed Robin
  2215 | D:2      | Noticed Ijyb
  2439 | D:2      | Reached skill level 6 in Unarmed Combat
  2512 | D:3      | Reached XP level 6. HP: 19/47 MP: 6/6
  2556 | D:3      | Found a glowing silver altar of Zin.
  2667 | D:3      | Found a shadowy altar of Dithmenos.
  2699 | D:3      | Noticed Terence
  2740 | D:3      | Killed Terence
  2758 | D:3      | Upgraded the game from 0.22-a0-587-g7d32d7c to 0.22-a0-596-gfbd32a6
  3127 | D:3      | XOM: summons 2 hostile demons
  3128 | D:3      | Noticed a neqoxec
  3631 | D:4      | Noticed an ice beast
  3642 | D:4      | Reached skill level 7 in Unarmed Combat
  3647 | D:4      | Killed an ice beast
  3647 | D:4      | Gained mutation: You have a pair of small horns on your head. [demonic ancestry]
  3647 | D:4      | Reached XP level 7. HP: 24/52 MP: 7/7
  3864 | D:4      | XOM: give mutations
  3864 | D:4      | Gained mutation: You are dopey. (Int -2) [Xom's mischief]
  3864 | D:4      | Gained mutation: You are agile. (Dex +2) [Xom's mischief]
  3864 | D:4      | Gained mutation: Your magical capacity is low. (-10% MP) [Xom's mischief]
  4018 | D:4      | Learned a level 1 spell: Confusing Touch
  4094 | D:4      | XOM: divination: magic mapping
  4243 | D:4      | Found a deep blue altar of Sif Muna.
  4684 | D:5      | Entered Level 5 of the Dungeon
  4693 | D:5      | Found a glowing golden altar of the Shining One.
  4772 | D:5      | XOM: give mutations
  4772 | D:5      | Gained mutation: You occasionally shout uncontrollably at your foes. [Xom's mischief]
  4772 | D:5      | Gained mutation: Your system is resistant to poisons. (rPois) [Xom's mischief]
  4772 | D:5      | Lost mutation: You are dopey. (Int -2) [Xom's mischief]
  4772 | D:5      | Gained mutation: Scrolls take you much longer to read. [Xom's mischief]
  4978 | D:5      | XOM: give mutations
  4978 | D:5      | Gained mutation: You are covered in fur. (AC +1) [Xom's mischief]
  4978 | D:5      | Gained mutation: Armour fits poorly on your strangely shaped body. [Xom's mischief]
  4978 | D:5      | Lost mutation: Scrolls take you much longer to read. [Xom's mischief]
  5401 | D:5      | Reached skill level 1 in Hexes
  5413 | D:5      | Found a stormy altar of Qazlal.
  5701 | D:5      | Found a bloodstained altar of Trog.
  5801 | D:5      | Reached skill level 1 in Spellcasting
  5915 | D:6      | Gained mutation: You have a pair of horns on your head. [demonic ancestry]
  5915 | D:6      | Reached XP level 8. HP: 60/60 MP: 6/8
  6243 | D:6      | Reached skill level 8 in Unarmed Combat
  6303 | D:6      | Found a shattered altar of Ashenzari.
  6345 | D:6      | XOM: 1-stop teleportation journey
  6384 | D:6      | Found a hide-covered altar of Uskayaw.
  6388 | D:6      | Reached skill level 1 in Dodging
  6549 | D:6      | XOM: stat loss: -2 Str (11/13)
  6930 | D:6      | Found a staircase to the Ecumenical Temple.
  6977 | D:6      | Reached skill level 1 in Shields
  7088 | D:6      | XOM: summons 1 hostile demon
  7196 | D:7      | Reached skill level 5 in Fighting
  7240 | D:7      | Found a sand-covered staircase.
  7244 | Ossuary  | Entered an ossuary
  7259 | Ossuary  | Reached XP level 9. HP: 67/68 MP: 11/11
  7332 | Ossuary  | XOM: scenery: 1 doors open, 1 doors close
  7459 | Ossuary  | XOM: summons 3 hostile shadow creatures
  7740 | Ossuary  | Reached skill level 9 in Unarmed Combat
  8084 | D:7      | XOM: give mutations
  8084 | D:7      | Lost mutation: Your flesh is cold resistant. (rC+) [Xom's mischief]
  8084 | D:7      | Lost mutation: Scrolls take you longer to read. [Xom's mischief]
  8161 | D:7      | Found a burning altar of Makhleb.
  8161 | D:7      | Noticed a green death
  8293 | D:8      | XOM: medium Summ miscast
  8504 | D:8      | Noticed a two-headed ogre
  9466 | D:8      | Killed a two-headed ogre
  9466 | D:8      | Reached skill level 5 in Armour
  9466 | D:8      | Gained mutation: You have sharp toenails. [demonic ancestry]
  9466 | D:8      | Reached XP level 10. HP: 31/76 MP: 13/13
  9968 | D:8      | Noticed Pikel
 10076 | D:8      | Killed Pikel
 10129 | D:8      | Reached skill level 10 in Unarmed Combat
 10198 | D:8      | Got a polished war axe
 10619 | D:9      | Got a fine robe
 10630 | D:9      | Identified the cursed +0 robe of Faub {rF+ MR+ Str+2 Dex-5} (You found it on level 9 of the Dungeon)
 10678 | D:9      | XOM: mild Tloc miscast
 10690 | D:9      | XOM: give mutations
 10690 | D:9      | Gained mutation: Your body sometimes deteriorates upon taking damage. [Xom's mischief]
 10690 | D:9      | Gained mutation: You are frail. (-10% HP) [Xom's mischief]
 10690 | D:9      | Lost mutation: You are agile. (Dex +2) [Xom's mischief]
 10690 | D:9      | Lost mutation: Your body sometimes deteriorates upon taking damage. [Xom's mischief]
 11224 | D:9      | XOM: stat loss: -1 Dex (11/12)
 11256 | D:10     | Entered Level 10 of the Dungeon
 11264 | D:10     | Found a staircase to the Lair.
 11412 | D:10     | XOM: give mutations
 11412 | D:10     | Lost mutation: Your magical capacity is low. (-10% MP) [Xom's mischief]
 11412 | D:10     | Gained mutation: Your body sometimes deteriorates upon taking damage. [Xom's mischief]
 11412 | D:10     | Lost mutation: Scrolls take you a little longer to read. [Xom's mischief]
 11760 | D:9      | XOM: cloud trail
 11862 | D:10     | XOM: give mutations
 11862 | D:10     | Gained mutation: You are dopey. (Int -2) [Xom's mischief]
 11862 | D:10     | Gained mutation: You are clumsy. (Dex -2) [Xom's mischief]
 12067 | D:10     | Identified the +5 war axe of Causality {vamp, rF- rC+++ Int-2 Dex+10} (You found it on level 8 of the Dungeon)
 12092 | D:10     | Noticed Maurice
 12106 | D:9      | Bought a potion of might for 108 gold pieces
 12106 | D:9      | Bought a glowing chain mail for 202 gold pieces
 12106 | D:9      | Bought a scroll labeled NUCAME IDET for 27 gold pieces
 12106 | D:9      | Bought a scroll labeled ILOFFO QACAWAM for 27 gold pieces
 12106 | D:9      | Bought a scroll labeled DOESUO QUASM for 27 gold pieces
 12317 | D:10     | Killed Maurice
 12568 | D:10     | Noticed Josephine
 12589 | D:10     | Killed from afar by Josephine

Vault maps used:
D:1:      lemuel_arrival_funnel
D:2:      kennysheep_the_goblin_king, minitemple, lemuel_crystal_altar,
          marbit_many_paths, uniq_robin, uniq_sigmund
D:3:      grunt_dithmenos_smoke, lemuel_doored_altar, uniq_terence, uniq_ijyb
D:4:      cheibrodos_barr_body, led_sif_book, first_ration
D:5:      overflow_temple_1_default, tso_metal_star, lightli_temple_of_fire,
          minmay_holes, hangedman_decor_points, minmay_misc_feat_encased
D:6:      old_standard_altar, minmay_temple_entry_statues,
          cheibrodos_ashenzari_chains
D:7:      lightli_ossuary_entry_decrepit_ruins, makhleb_altar_promises_db
D:8:      uniq_pikel
D:10:     lair_entry_dummy, hangedman_minor_magic, uniq_maurice, uniq_josephine
Ossuary:  ossuary_minmay_scorpions

Skill      XL: |  1  2  3  4  5  6  7  8  9 10 |
---------------+-------------------------------+-----
Unarmed Combat | 3 5 6 7 8 9 10 | 10.8
Armour         | 2 3 4 5 6 |  6.1
Fighting       | 4 5 6 7 |  7.1
Hexes          | 1 2 3 |  3.0
Spellcasting   | 1 2 3 |  3.0
Dodging        | 1 3 4 |  4.9
Shields        | 1 3 4 |  4.0

Action                   |  1- 3 |  4- 6 |  7- 9 | 10-12 || total
-------------------------+-------+-------+-------+-------++-------
Melee: Unarmed           |   128 |   136 |   389 |   181 ||   834
       Punch             |     1 |     6 |     1 |       ||     8
       Headbutt          |       |       |    69 |    28 ||    97
       Kick              |       |       |       |    39 ||    39
 Fire: Hunting sling     |       |     4 |       |    15 ||    19
       Blowgun           |       |       |    11 |     9 ||    20
 Cast: Confusing Touch   |       |       |     1 |       ||     1
Invok: Call Merchant     |       |       |       |     1 ||     1
Evoke: Wand              |       |       |    14 |    10 ||    24
  Use: Potion            |       |     6 |       |     1 ||     7
       Scroll            |       |       |    13 |     9 ||    22
 Stab: Sleeping          |     1 |     1 |     2 |       ||     4
       Distracted        |       |       |     4 |     2 ||     6
  Eat: Chunk             |     2 |     2 |       |       ||     4
       Ration            |       |     2 |     5 |     3 ||    10
Armor: Leather armour    |    48 |    34 |    75 |    26 ||   183
       Scale mail        |       |       |       |     4 ||     4
       Skin              |       |       |       |     4 ||     4
Dodge: Dodged            |    81 |    59 |   162 |    89 ||   391
Block: Buckler           |       |       |    42 |    44 ||    86
       Reflection        |       |       |       |     8 ||     8

Table legend:
 A = Spawn XP
 B = Non-spawn XP
 C = Spawn XP percentage of total XP
 D = Spawn monster count
 E = Non-spawn monster count
 F = Spawn count percentage of total count
 G = Total turns spent on level
                    A         B        C        D         E        F      G
               +---------+---------+-------+---------+---------+-------+---------
         Total |       0 |   10941 |   0.0 |       0 |     261 |   0.0 | 12589
               +---------+---------+-------+---------+---------+-------+---------
           D:1 |       0 |      75 |   0.0 |       0 |      34 |   0.0 |  1508
           D:2 |       0 |     265 |   0.0 |       0 |      23 |   0.0 |  1189
           D:3 |       0 |     184 |   0.0 |       0 |      19 |   0.0 |  1038
           D:4 |       0 |     665 |   0.0 |       0 |      19 |   0.0 |  1166
           D:5 |       0 |     185 |   0.0 |       0 |      11 |   0.0 |  1184
           D:6 |       0 |    1111 |   0.0 |       0 |      28 |   0.0 |  1072
           D:7 |       0 |     279 |   0.0 |       0 |       3 |   0.0 |  1136
           D:8 |       0 |    3456 |   0.0 |       0 |      47 |   0.0 |  1643
           D:9 |       0 |    1049 |   0.0 |       0 |      17 |   0.0 |  1218
          D:10 |       0 |    2650 |   0.0 |       0 |      28 |   0.0 |   862
       Ossuary |       0 |    1022 |   0.0 |       0 |      32 |   0.0 |   573
               +---------+---------+-------+---------+---------+-------+---------

Vault maps used:
D:1:      lemuel_arrival_funnel
D:2:      kennysheep_the_goblin_king, minitemple, lemuel_crystal_altar,
          marbit_many_paths, uniq_robin, uniq_sigmund
D:3:      grunt_dithmenos_smoke, lemuel_doored_altar, uniq_terence, uniq_ijyb
D:4:      cheibrodos_barr_body, led_sif_book, first_ration
D:5:      overflow_temple_1_default, tso_metal_star, lightli_temple_of_fire,
          minmay_holes, hangedman_decor_points, minmay_misc_feat_encased
D:6:      old_standard_altar, minmay_temple_entry_statues,
          cheibrodos_ashenzari_chains
D:7:      lightli_ossuary_entry_decrepit_ruins, makhleb_altar_promises_db
D:8:      uniq_pikel
D:10:     lair_entry_dummy, hangedman_minor_magic, uniq_maurice, uniq_josephine
Ossuary:  ossuary_minmay_scorpions
